Map: Eternal Empire LE

Players

Bunny

  • Race: Terran Terran
  • Spawn Location: 7:00

Nice - Winner!

  • Race: Protoss Protoss
  • Spawn Location: 1:00

Event: IEM Katowice 2020

VOD

Have the link to the VOD?

Description

Time

  • Played on: Feb. 25, 2020, 9 a.m.
  • Length: 21:08

All games in this series

Show
View Real Time Build Order
Export as new Build Order

Bunny Terran 

Build Orders: Reaper Expand 

Get SALT Encoding   

  12  0:00  SCV  
  13  0:13  SCV  
  14  0:17  Supply Depot  
  14  0:25  SCV  
  15  0:39  SCV  
  15  0:40  Barracks  
  16  0:44  Refinery  
  16  0:51  SCV  
  17  1:03  SCV  
  18  1:15  SCV  
  19  1:27  Orbital Command  
  19  1:28  Reaper  
  20  1:41  Command Center  
  20  1:52  SCV  
  20  1:53  Supply Depot  
  21  1:59  Marine  
  22  2:04  SCV  
  23  2:08  Factory  
  23  2:17  SCV, Refinery  
  24  2:23  Barracks Reactor  
  24  2:26  Bunker  
  24  2:29  SCV  
  25  2:41  SCV  
  26  2:52  Orbital Command, Starport  
  26  2:57  SCV, Widow Mine  
  29  3:00  Marine  
  29  3:03  Marine  
  31  3:09  SCV  
  32  3:18  Widow Mine  
  34  3:21  SCV x2  
  34  3:24  Supply Depot  
  36  3:28  Medivac  
  36  3:29  Marine x2  
  36  3:33  SCV  
  41  3:34  SCV  
  44  3:41  Widow Mine  
  44  3:45  SCV  
  44  3:46  SCV  
  44  3:48  Marine x2  
  47  3:57  SCV  
  47  3:58  SCV  
  49  4:04  Factory Tech Lab  
  49  4:05  Command Center  
  49  4:08  Viking  
  51  4:13  SCV x2  
  53  4:18  Supply Depot  
  53  4:25  SCV  
  54  4:36  Barracks  
  54  4:39  SCV x2, Marine x2, Barracks  
  54  4:40  Supply Depot  
  54  4:42  Starport Tech Lab  
  61  4:45  Siege Tank  
  61  4:51  SCV  
  61  4:52  SCV  
  62  4:57  Engineering Bay  
  62  4:59  Refinery x2  
  62  5:04  SCV x2  
  64  5:07  Marine x2  
  65  5:16  SCV x2  
  65  5:20  Orbital Command  
  66  5:22  Siege Tank  
  66  5:25  Starport Reactor  
  66  5:26  Missile Turret  
  66  5:28  SCV x2  
  70  5:29  Barracks Tech Lab  
  70  5:31  Marine  
  70  5:32  Marine  
  66  5:36  Terran Infantry Weapons Level 1  
  66  5:38  Missile Turret  
  66  5:40  SCV  
  66  5:41  SCV  
  68  5:43  Stimpack  
  68  5:46  SCV  
  68  5:49  Marine x3  
  72  5:50  Marine  
  72  5:54  Combat Shield  
  72  5:58  SCV x2  
  72  5:59  SCV  
  72  6:03  Supply Depot  
  74  6:07  Siege Tank  
  74  6:10  SCV  
  78  6:11  Medivac x2  
  78  6:18  Marine x3  
  80  6:21  Marine  
  80  6:25  Orbital Command  
  78  6:27  SCV x2  
  78  6:32  Barracks  
  78  6:33  Barracks  
  78  6:39  SCV x2  
  80  6:40  Siege Tank  
  80  6:45  Marauder x2, Marine x2  
  88  6:51  SCV x2  
  89  6:55  Supply Depot  
  89  6:56  Medivac  
  89  6:58  Medivac  
  93  7:03  Supply Depot  
  93  7:07  SCV  
  91  7:09  SCV  
  91  7:10  SCV  
  93  7:17  Missile Turret  
  93  7:19  SCV  
  93  7:21  SCV  
  96  7:23  SCV, Marauder  
  96  7:24  Barracks Reactor, Marauder  
  96  7:26  Medivac, Barracks Tech Lab  
  96  7:28  Concussive Shells  
  101  7:31  SCV  
  101  7:33  SCV  
  101  7:34  Terran Infantry Armor Level 1  
  101  7:35  SCV  
  101  7:36  Medivac  
  106  7:42  Factory Reactor  
  106  7:44  SCV  
  107  7:45  SCV, Marine  
  107  7:46  Starport  
  107  7:47  SCV  
  107  7:48  Supply Depot  
  107  7:51  Marauder  
  110  7:56  SCV  
  110  7:57  SCV  
  110  7:58  Missile Turret  
  110  7:59  SCV, Marauder  
  110  8:01  Marauder  
  115  8:09  SCV x2  
  115  8:10  Engineering Bay  
  115  8:11  Armory, SCV  
  118  8:15  Supply Depot, Marine x2  
  119  8:20  Supply Depot  
  119  8:21  Refinery  
  119  8:22  Refinery  
  119  8:23  Marine  
  121  8:27  Viking  
  121  8:29  SCV x2  
  121  8:31  SCV  
  121  8:32  Supply Depot  
  125  8:37  Marauder  
  125  8:38  Supply Depot x2  
  127  8:43  Viking x2  
  127  8:47  SCV x2  
  127  8:48  SCV  
  133  8:51  Viking  
  134  8:57  Viking  
  134  8:59  SCV, Supply Depot  
  134  9:00  SCV x2  
  139  9:03  Terran Infantry Weapons Level 2  
  139  9:04  Terran Ship Weapons Level 1  
  138  9:10  Marauder x3  
  138  9:16  Marine x4  
  148  9:21  Ghost Academy  
  145  9:28  Command Center  
  145  9:30  SCV x3  
  144  9:38  Viking x2  
  143  9:40  Medivac x2  
  143  9:42  Terran Infantry Armor Level 2  
  143  9:45  Supply Depot  
  139  9:51  Enhanced Shockwaves  
  139  9:53  Marine x2  
  139  9:54  Supply Depot, Marine x2  
  143  10:00  Marauder  
  143  10:01  Marauder x2  
  149  10:07  Missile Turret  
  149  10:08  Missile Turret  
  149  10:17  Marine x4  
  149  10:21  Ghost x3  
  153  10:26  Supply Depot  
  153  10:27  Barracks x2  
  159  10:28  Supply Depot  
  159  10:41  Missile Turret  
  157  10:43  Missile Turret  
  157  10:44  Marine x3  
  157  10:47  SCV  
  157  10:48  SCV x2  
  157  10:49  Ghost  
  162  10:50  Ghost  
  162  10:53  Sensor Tower  
  165  11:02  Ghost  
  167  11:07  Marine x4  
  171  11:11  Personal Cloaking  
  171  11:18  Ghost  
  171  11:23  Marauder x2, Barracks Tech Lab  
  171  11:25  Marine x4  
  179  11:31  Marauder  
  179  11:32  Missile Turret  
  182  11:34  Refinery, Missile Turret  
  182  11:35  Refinery  
  182  11:38  Missile Turret  
  182  11:39  Planetary Fortress  
  182  11:42  Marine  
  182  11:43  Marine  
  182  11:44  Marauder x2  
  187  11:47  Marauder  
  187  11:51  Command Center  
  187  11:53  SCV x3  
  191  12:03  Missile Turret  
  179  12:09  Marauder x3  
  179  12:11  Marine x5  
  179  12:13  SCV x3  
  188  12:16  Terran Infantry Weapons Level 3, Terran Infantry Armor Level 3  
  188  12:18  SCV  
  188  12:22  Sensor Tower  
  189  12:27  Marauder  
  192  12:30  Marauder, Sensor Tower  
  192  12:31  Missile Turret  
  192  12:32  Marine x6  
  198  12:42  Ghost  
  200  12:48  Supply Depot  
  200  13:01  Command Center  
  200  13:13  Missile Turret, Sensor Tower  
  200  13:19  Liberator  
  194  13:20  Liberator  
  194  13:23  Fusion Core  
  200  13:30  Marauder  
  200  13:34  Marine x5  
  197  13:35  Marauder  
  182  13:49  Marauder x2  
  182  13:51  Marauder, Marine  
  182  13:52  Marauder, Marine x3  
  168  14:04  Medivac x2  
  168  14:06  Marauder  
  142  14:10  Marauder  
  142  14:11  Command Center  
  142  14:12  Marine x4  
  142  14:15  Marauder x3  
  136  14:27  Marauder  
  136  14:29  Marine  
  136  14:30  Marine x3  
  136  14:31  Advanced Ballistics, Ghost  
  128  14:33  Liberator x2  
  128  14:35  Ghost  
  128  14:36  Ghost x2  
  139  14:43  Liberator  
  134  14:47  Marine x3, Liberator  
  134  14:48  Ghost  
  134  14:49  Marine  
  140  14:59  Ghost  
  139  15:05  Marauder x3, Marine  
  121  15:14  SCV  
  121  15:15  SCV, Liberator  
  121  15:17  Marauder  
  127  15:23  SCV x2  
  127  15:26  SCV, Marauder x2  
  127  15:27  SCV  
  134  15:30  Medivac  
  136  15:45  Missile Turret  
  136  15:46  Marauder x2  
  136  15:49  Marine x2  
  142  15:52  Marine  
  143  16:05  Command Center  
  143  16:10  Liberator  
  144  16:25  Liberator x2  
  144  16:26  Liberator  
  144  16:30  Marauder x2  
  156  16:38  Supply Depot  
  156  16:47  Marauder  
  156  16:53  Marine x4, Liberator  
  161  17:08  Liberator x2  
  161  17:09  Marauder x3  
  161  17:13  Marine x3  
  176  17:21  Terran Ship Weapons Level 2  
  176  17:34  Sensor Tower  
  173  17:46  Sensor Tower  
  173  17:50  Missile Turret  
  167  17:51  Planetary Fortress  
  167  17:53  SCV x4  
  167  17:57  Marauder  
  164  18:16  Liberator x2  
  164  18:18  Ghost x2  
  167  18:27  Ghost x2  
  161  18:31  Unknown  
  165  18:38  Missile Turret  
  165  18:44  Marauder  
  165  18:47  Marauder x2  
  169  18:49  Marine x3  
  160  18:56  Marauder x2  
  133  19:21  Marauder x3, Marine x6  
  132  19:40  Liberator x2  
  132  19:42  Marauder x2  
  142  19:46  Liberator  
  142  19:51  SCV x3  
  148  19:55  Orbital Command  
  100  20:22  Liberator  
  100  20:23  Liberator  
  71  20:29  Marauder  
  71  20:35  Ghost x2  
  77  20:48  Marine x4  
Show
View Real Time Build Order
Export as new Build Order

Nice Protoss - Winner!

Build Orders: 1 Gate Expand, Phoenix Opening, Mass Phoenix, Colossus Rush 

Get SALT Encoding   

  12  0:00  Probe  
  13  0:12  Probe  
  14  0:17  Pylon  
  14  0:25  Probe  
  15  0:32  Assimilator  
  15  0:37  Probe (Chrono Boost)  
  15  0:42  Gateway  
  16  0:49  Probe (Chrono Boost)  
  17  0:54  Probe (Chrono Boost)  
  18  1:03  Probe  
  19  1:15  Probe  
  20  1:22  Nexus  
  20  1:32  Cybernetics Core  
  20  1:38  Assimilator  
  20  1:41  Probe  
  21  1:47  Pylon  
  21  1:54  Probe  
  22  2:06  Probe, Adept (Chrono Boost)  
  23  2:09  Warp Gate  
  25  2:18  Probe  
  26  2:28  Sentry (Chrono Boost)  
  28  2:30  Probe  
  29  2:38  Stargate  
  29  2:42  Probe (Chrono Boost)  
  31  2:45  Stalker  
  31  2:48  Probe (Chrono Boost)  
  34  2:51  Probe (Chrono Boost)  
  34  2:54  Pylon  
  34  2:55  Probe (Chrono Boost)  
  34  2:56  Probe (Chrono Boost)  
  36  3:06  Probe  
  36  3:08  Probe  
  38  3:18  Probe  
  39  3:20  Probe, Phoenix (Chrono Boost)  
  39  3:24  Assimilator  
  39  3:26  Assimilator  
  42  3:27  Pylon  
  42  3:30  Probe  
  42  3:32  Probe  
  44  3:36  Phoenix (Chrono Boost)  
  46  3:42  Probe  
  46  3:45  Probe  
  48  3:52  Robotics Facility  
  48  3:55  Probe  
  49  3:57  Probe  
  49  3:59  Phoenix (Chrono Boost)  
  52  4:07  Probe, Gateway  
  52  4:09  Probe  
  54  4:14  Gateway  
  54  4:18  Phoenix  
  54  4:19  Probe  
  54  4:21  Probe  
  58  4:28  Pylon  
  58  4:33  Pylon  
  58  4:39  Observer  
  58  4:43  Probe, Phoenix  
  58  4:44  Robotics Bay  
  62  4:53  Pylon  
  62  5:00  Observer  
  62  5:01  Pylon  
  63  5:08  Phoenix  
  65  5:18  Nexus  
  65  5:19  Probe x2  
  67  5:31  Probe x2  
  67  5:33  Phoenix  
  67  5:35  Colossus (Chrono Boost)  
  77  5:43  Probe x2  
  77  5:48  Extended Thermal Lance (Chrono Boost)  
  79  5:55  Probe x2  
  79  5:56  Forge  
  81  5:58  Twilight Council, Phoenix  
  83  6:07  Probe x2  
  83  6:09  Adept x3  
  83  6:10  Protoss Ground Weapons Level 1  
  86  6:19  Probe  
  86  6:20  Probe  
  85  6:32  Probe x2, Charge (Chrono Boost)  
  86  6:36  Probe  
  87  6:41  Zealot x2  
  87  6:44  Probe x2  
  91  6:48  Probe  
  92  6:56  Probe  
  92  6:58  Gateway  
  92  6:59  Gateway  
  93  7:04  Gateway  
  93  7:06  Colossus (Chrono Boost)  
  93  7:07  Gateway  
  91  7:10  Gateway  
  91  7:11  Probe x3  
  91  7:13  Assimilator  
  91  7:14  Assimilator  
  100  7:23  Probe x2  
  100  7:27  Probe, Templar Archives  
  100  7:29  Pylon x2  
  103  7:32  Pylon  
  103  7:35  Probe  
  104  7:39  Sentry  
  104  7:40  Sentry  
  108  7:45  Pylon  
  108  7:49  Pylon, Colossus (Chrono Boost)  
  114  8:01  Blink (Chrono Boost)  
  114  8:03  Forge  
  114  8:05  Nexus  
  114  8:06  Protoss Ground Armor Level 1 (Chrono Boost)  
  114  8:09  Zealot x3  
  120  8:26  High Templar x2  
  120  8:27  Zealot x3  
  126  8:29  Gateway  
  126  8:30  Gateway  
  126  8:31  Archon  
  126  8:33  Warp Prism (Chrono Boost)  
  126  8:34  Pylon  
  130  8:35  Pylon  
  130  8:39  Zealot x2  
  130  8:40  Probe x3  
  139  8:52  Probe  
  139  8:53  Protoss Ground Weapons Level 2 (Chrono Boost)  
  138  8:57  Probe x2  
  138  9:01  High Templar x2  
  138  9:02  High Templar x2  
  148  9:04  Probe  
  148  9:05  Archon x2  
  148  9:06  Zealot x4  
  157  9:10  Warp Prism  
  157  9:32  Nexus  
  157  9:40  Pylon  
  157  9:41  Pylon  
  157  9:43  Pylon  
  157  9:44  Gravitic Drive (Chrono Boost)  
  157  9:45  Pylon  
  157  9:51  Pylon  
  157  9:57  Protoss Ground Armor Level 2 (Chrono Boost)  
  157  9:58  High Templar  
  157  9:59  High Templar  
  161  10:00  High Templar x2  
  161  10:01  Zealot x4, Colossus (Chrono Boost)  
  161  10:05  Archon x2  
  179  10:10  Probe  
  180  10:23  Nexus  
  180  10:24  Pylon  
  180  10:25  Zealot x2, High Templar x2  
  188  10:29  Archon  
  186  10:47  Stalker x6  
  190  10:55  Disruptor (Chrono Boost)  
  191  10:59  Robotics Facility  
  191  11:00  Pylon x2  
  191  11:14  Gateway  
  191  11:15  Dark Shrine  
  191  11:17  Gateway  
  191  11:22  Disruptor (Chrono Boost)  
  188  11:53  Protoss Ground Weapons Level 3 (Chrono Boost)  
  156  12:11  Disruptor x2 (Chrono Boost)  
  156  12:12  Zealot x11  
  172  12:28  Stalker  
  172  12:29  Shadow Stride (Chrono Boost)  
  174  12:32  Gateway  
  174  12:34  Gateway  
  174  12:35  Pylon, Observer  
  174  12:36  Pylon  
  171  12:40  Protoss Ground Armor Level 3, Disruptor x2 (Chrono Boost)  
  171  12:41  Stalker x2  
  171  12:42  Stalker x4  
  171  12:43  Zealot x3  
  171  12:44  Zealot x2  
  190  13:07  Zealot x4, Dark Templar x2  
  189  13:14  Pylon  
  189  13:15  Nexus  
  177  13:21  Zealot x4  
  177  13:22  Zealot x2  
  185  13:28  Disruptor (Chrono Boost)  
  185  13:29  Disruptor (Chrono Boost)  
  180  13:46  Zealot x12  
  180  13:47  Zealot  
  190  13:54  Disruptor x2 (Chrono Boost)  
  183  14:03  Zealot  
  183  14:06  Zealot x2  
  183  14:07  Zealot x11  
  164  14:20  Disruptor (Chrono Boost)  
  151  14:31  Stalker x4  
  151  14:32  Stalker x2  
  151  14:57  Zealot x5  
  151  14:58  Zealot x8  
  171  15:01  Colossus x2 (Chrono Boost)  
  149  15:20  Zealot x9  
  153  15:31  Unknown  
  153  15:40  Protoss Shields Level 1 (Chrono Boost)  
  153  15:49  Warp Prism (Chrono Boost), Colossus (Chrono Boost)  
  161  15:54  Zealot, High Templar x2  
  161  15:55  Zealot x4  
  175  15:59  Archon  
  175  16:06  Probe x4  
  175  16:08  Probe  
  178  16:20  High Templar  
  178  16:21  Stalker x5, High Templar  
  178  16:22  Stalker x2  
  178  16:25  Archon  
  193  16:44  Probe x2  
  186  16:48  Zealot x5  
  186  16:50  Probe  
  186  16:53  Phoenix (Chrono Boost)  
  194  17:00  Probe x4  
  200  17:06  Unknown  
  193  17:36  Photon Cannon  
  193  17:39  Pylon  
  193  17:45  Protoss Shields Level 2 (Chrono Boost)  
  193  17:55  Gateway  
  193  17:56  Gateway  
  193  18:03  Stalker x2, Dark Templar x2  
  198  18:08  Pylon  
  198  18:11  Stalker x2  
  193  18:15  Zealot x3  
  185  18:46  Zealot x7  
  185  18:47  Zealot x2  
  181  18:58  Stalker x2  
  181  18:59  Stalker x4  
  181  19:00  Disruptor x2 (Chrono Boost)  
  118  19:26  Zealot x10  
  118  19:27  Zealot x6  
  150  19:33  Warp Prism (Chrono Boost), Disruptor (Chrono Boost)  
  155  19:39  Nexus  
  155  19:40  Pylon  
  155  19:46  Zealot  
  155  19:50  High Templar x5  
  155  19:51  Zealot x3, High Templar  
  175  19:55  Archon x2  
  175  19:56  Archon  
  175  19:57  Zealot x3  
  173  20:02  Observer  
  107  20:26  Stalker  
  107  20:27  Stalker x5  
  107  20:28  Stalker x2  
  112  20:33  Probe x6  
  92  20:52  Zealot x5  
  92  20:53  Zealot x2  

Tags
 
Add a new tag
Caveats
  • Supply blocks, unpowered buildings, or Contaminate may cause inaccurate times.
  • Supply counts are checked every 10 seconds.